 Dungeon Crawl Stone Soup version 0.19.1-1-g22dce08 (webtiles) character file.

122188 RedPan the Alchemist (level 16, -4/201 HPs)
             Began as a Mottled Draconian Conjurer on Dec 30, 2016.
             Was a High Priest of Vehumet.
             Slain by a naga warrior
             ... wielding a +0 scimitar
              (12 damage)
             ... on level 3 of the Snake Pit on Dec 31, 2016.
             The game lasted 02:21:46 (39318 turns).

RedPan the Alchemist (Mottled Draconian Conjurer)  Turns: 39318, Time: 02:21:47

Health: -4/201     AC: 19    Str: 27    XL:     16   Next: 34%
Magic:  29/29      EV:  8    Int: 20    God:    Vehumet [*****.]
Gold:   344        SH:  0    Dex:  9    Spells: 6 memorised, 12 levels left

rFire  + . .     SeeInvis .       - Unarmed
rCold  + . .     Gourm    .     (armour unavailable)
rNeg   . . .     Faith    .     (shield currently unavailable)
rPois  +         Spirit   .     (helmet currently unavailable)
rElec  .         Reflect  .     (cloak currently unavailable)
rCorr  .         Harm     .     (gloves currently unavailable)
MR     +....                    (boots currently unavailable)
Stlth  +.........               E - amulet of magic regeneration
                                P - ring "Gyma" {*Contam rF+ rC+ EV+1}
                                H - ring of the Gastropod {Wiz Str+5 Dex-4}

@: confused, lethally poisoned (-4 -> -8), about to teleport, dragon-form,
flying
A: breathe sticky flame splash, unfitting armour, blurry vision 1, deterioration
1, (cold-blooded), AC +9
a: Breathe Sticky Flame, End Transformation, Renounce Religion


You were on level 3 of the Snake Pit.
You worshipped Vehumet.
Vehumet was extremely pleased with you.
You were not hungry.
You were a fearsome dragon!
You visited 4 branches of the dungeon, and saw 25 of its levels.
You visited 1 bazaar.
You also visited: Ossuary.

You collected 1389 gold pieces.
You spent 1045 gold pieces at shops.

Inventory:

Armour
 a - the +1 pair of gloves "Bemausuk" {rN+, unknown}
   (You found it on level 1 of the Snake Pit)

   It protects you from negative energy.
 c - a +0 cloak (melded)
 h - a +2 pair of boots (melded)
 j - a +1 cloak
 R - a +2 pair of gloves (melded)
Rods
 b - a +2 rod of clouds (14/14)
   (You found it on level 1 of the Snake Pit)
Jewellery
 l - an uncursed ring of resist corrosion
 n - an uncursed ring of positive energy
 E - an amulet of magic regeneration (around neck)
 H - the ring of the Gastropod (left foreclaw) {Wiz Str+5 Dex-4}
   (You bought it in a shop in a bazaar)

   [ring of wizardry]

   It improves your spell success rate.
   It affects your strength (+5).
   It affects your dexterity (-4).
 P - the ring "Gyma" (right foreclaw) {*Contam rF+ rC+ EV+1}
   (You found it on level 11 of the Dungeon)

   [ring of evasion]

   It affects your evasion (+1).
   It protects you from fire.
   It protects you from cold.
   It causes magical contamination when unequipped.
Wands
 Y - a wand of slowing (26/48)
Scrolls
 d - 5 scrolls of teleportation
 e - a scroll of enchant armour
 f - 5 scrolls of fog
 g - 7 scrolls of identify
 i - 6 scrolls of recharging
 v - 13 scrolls of remove curse
 w - 4 scrolls of magic mapping
 D - 2 scrolls of amnesia
 Q - 2 scrolls of summoning
 T - a scroll of blinking
Potions
 k - a potion of might
 r - 4 potions of berserk rage
 s - a potion of cancellation
 t - 4 potions of brilliance
 u - 3 potions of agility
 x - a potion of resistance
 M - a potion of ambrosia
Comestibles
 z - 10 meat rations


   Skills:
 - Level 10.1 Fighting
   Level 1.4 Maces & Flails
 - Level 5.7 Dodging
 - Level 2.0 Stealth
 + Level 14.7 Unarmed Combat
 + Level 9.8 Spellcasting
 - Level 12.0 Conjurations
 - Level 8.0 Charms
 - Level 2.2 Necromancy
 - Level 15.1 Transmutations


You had 12 spell levels left.
You knew the following spells:

 Your Spells              Type           Power        Failure   Level  Hunger
a - Magic Dart            Conj           ####         1%          1    None
b - Searing Ray           Conj           ######       1%          2    None
c - Iskenderun's Mystic   Conj           ######..     1%          4    ##.....
d - Iskenderun's Battles  Conj/Chrm      #####...     1%          5    #####..
e - Regeneration          Chrm/Necr      ####......   1%          3    None
f - Dragon Form           Tmut           ######....   6%          7    #######


Dungeon Overview and Level Annotations

Branches:
Dungeon (15/15)            Temple (1/1) D:6            Lair (6/6) D:11
 Shoals (0/4) Lair:3        Snake (3/4) Lair:4        Slime (0/5) Lair:6
    Orc (0/2) D:12         Vaults (0/5) D:14         Depths (0/5) D:15

Altars:
Ashenzari
Cheibriados
Dithmenos
Elyvilon
Fedhas
Gozag
Hepliaklqana
Kikubaaqudgha
Makhleb
Nemelex Xobeh
Okawaru
Qazlal
Ru
Sif Muna
Trog
Uskayaw
Vehumet
Xom
Yredelemnul
Zin
The Shining One

Shops:
D:10 %   D:11 [[*?

Annotations:
D:2 Sigmund
Lair:2 exclusions: 4 lindwurms and 4 more exclusions, flt's ghost, journeyman DrCj


Innate Abilities, Weirdness & Mutations

You can spit globs of burning liquid.
You can ignite nearby creatures when you spit burning liquid.
Your weird mottled scales are hard. (AC +9)
You cannot fit into any form of body armour.
((You are cold-blooded and may be slowed by cold attacks.))
Scrolls take you a little longer to read.
Your body sometimes deteriorates upon taking damage.


Message History

You feel invigorated.
You feel sick. The naga warrior barely misses you.
The naga hits you but does no damage.
The sea snake bites you but does no damage.
The naga warrior hits you but does no damage.
You are too injured to fight recklessly!
You closely miss the sea snake.
Your tail-slap misses the sea snake.
You feel sick.
The naga warrior hits you but does no damage.
The sea snake bites you!
* * * LOW HITPOINT WARNING * * *
You completely miss the naga warrior.
The sea snake bites you but does no damage.
The naga warrior hits you with a battleaxe!!
* * * LOW HITPOINT WARNING * * *
You barely miss the guardian serpent. You tail-slap the guardian serpent.
The guardian serpent is lightly wounded.
You feel sick. The guardian serpent hits you!
* * * LOW HITPOINT WARNING * * *
The naga warrior hits you with a scimitar!
You die...

#.....# #.....#
#########.....+
........#.....#
........#.....# .
........#.....# .
.<......#.)...# #
.......N#†....##
N.....NSD......#
.......SN.......#
..≈PP...≈.≈P≈##.#
#.P≈P≈≈P≈P≈≈≈# .#
#.≈≈≈≈PP≈≈PP≈# #
#.P≈PP≈≈P≈≈≈≈#
#.≈P≈≈≈≈≈≈≈≈≈#
#.≈≈≈≈≈≈≈≈≈≈P#
#♣≈≈≈≈≈≈≈≈≈≈≈♣


You could see 2 naga warriors, a sea snake, a guardian serpent and a naga.

Vanquished Creatures
  Roxanne (D:14)
  4 nagarajas
  Louise (D:15)
  Aizul (Snake:1)
  Nessos (Lair:4)
  An entropy weaver (D:14)
  The ghost of Kiel97 the Grappler, a journeyman TrMo of Uskayaw (Lair:4)
  Snorg (D:11)
  The ghost of lupus83 the Quickloader, a journeyman KoHu of Okawaru (Lair:5)
  A yaktaur captain (D:15)
  Josephine (Lair:4)
  An ogre mage (D:14)
  Fannar (D:12)
  4 naga warriors
  5 hydras
  Erolcha (D:9)
  The ghost of floppycuck the Grappler, a journeyman TrWz of Okawaru (D:9)
  6 anacondas
  11 centaur warriors
  The ghost of zeroDi the Slicer, a journeyman VSAs of Okawaru (D:11)
  The ghost of Jovan the Carver, a novice HEGl (Lair:1)
  2 naga sharpshooters (Snake:3)
  Nergalle (Lair:4)
  5 shock serpents
  A fire crab (Lair:6)
  3 unseen horrors
  4 skeletal warriors (D:13)
  A sea snake (Snake:3)
  A salamander mystic (Snake:2)
  2 naga ritualists
  4 hill giants
  8 ugly things
  6 mana vipers
  A necromancer (D:14)
  2 manticores
  4 deep elf magi
  4 salamanders (Snake:2)
  3 cyclopes (D:14)
  6 naga magi
  15 elephants
  21 black mambas
  19 spiny frogs
  A gargoyle (D:13)
  A kobold demonologist (D:15)
  7 rime drakes
  A yaktaur (D:15)
  An efreet (D:14)
  11 komodo dragons
  A merfolk (D:13)
  3 meliai (D:15)
  A polar bear (Lair:6)
  8 trolls
  4 two-headed ogres
  3 tyrant leeches (Lair:6)
  6 blink frogs
  15 hippogriffs
  Prince Ribbit (D:9)
  6 dream sheep (Lair:4)
  A slime creature (Lair:6)
  33 yaks
  A shadow (D:15)
  A spriggan (D:13)
  A human (D:13)
  4 wyverns (Lair:5)
  13 basilisks
  5 wraiths
  A water elemental (D:14)
  A steam dragon (D:8)
  Grum (D:9)
  2 hungry ghosts
  4 vampire mosquitoes (Lair:6)
  3 mottled dragons
  22 nagas
  13 water moccasins
  12 porcupines
  A soldier ant (D:13)
  6 orc warriors
  2 ice beasts
  2 sky beasts
  7 ogres
  4 black bears
  A hornet zombie (D:13)
  3 necrophages
  2 phantoms
  5 boggarts (D:13)
  12 wolves
  14 centaurs
  33 bullfrogs
  13 crocodiles
  5 big kobolds
  A gnoll sergeant (D:7)
  A wyvern zombie (D:9)
  A water moccasin skeleton (D:10)
  17 scorpions
  2 howler monkeys
  16 electric eels
  3 jellies
  5 crimson imps
  A bullfrog zombie (D:8)
  A quasit (D:5)
  6 hounds
  2 human zombies (Ossuary)
  4 bullfrog skeletons
  4 centaur skeletons
  3 centaur zombies
  6 orc priests
  8 orc wizards
  Terence (D:2)
  5 iguanas
  4 worker ants
  3 big kobold zombies (Ossuary)
  2 hound zombies
  4 mummies
  3 hound skeletons
  2 howler monkey zombies
  10 adders
  8 gnolls
  A river rat (D:11)
  6 scorpion zombies (Ossuary)
  9 shadow imps
  2 oozes
  An adder skeleton (D:8)
  2 worms
  A leopard gecko (D:2)
  52 orcs
  3 bats
  8 giant cockroaches
  3 goblins
  10 hobgoblins
  6 quokkas
  7 frilled lizards
  2 goblin zombies
  A hobgoblin zombie (D:4)
  20 kobolds
  2 kobold zombies (Ossuary)
  A leopard gecko skeleton (D:6)
  A quokka skeleton (D:6)
  3 rats (D:1)
  A fungus (Lair:6)
  2 plants (D:15)
724 creatures vanquished.

Vanquished Creatures (others)
  A hobgoblin zombie (Ossuary)
  A kobold zombie (Ossuary)
  A bush (Lair:4)
  25 fungi
  95 plants
123 creatures vanquished.

Grand Total: 847 creatures vanquished

Notes
Turn   | Place    | Note
-------+----------+-------------------------------------------
     0 | D:1      | RedPan the Draconian Conjurer began the quest for the Orb.
     0 | D:1      | Reached XP level 1. HP: 14/14 MP: 3/3
   583 | D:1      | Reached XP level 2. HP: 19/20 MP: 5/5
  1618 | D:2      | Reached skill level 5 in Conjurations
  1686 | D:2      | Reached XP level 3. HP: 19/26 MP: 4/6
  1939 | D:2      | Found a glowing silver altar of Zin.
  2268 | D:2      | Learned a level 2 spell: Searing Ray
  2304 | D:2      | Noticed Terence
  2319 | D:2      | Killed Terence
  2319 | D:2      | Reached XP level 4. HP: 30/33 MP: 0/7
  2407 | D:2      | Noticed Sigmund
  3257 | D:3      | Found a hide-covered altar of Uskayaw.
  3299 | D:3      | Noticed a sky beast
  3322 | D:3      | Killed a sky beast
  3322 | D:3      | Reached XP level 5. HP: 6/38 MP: 0/9
  4052 | D:4      | Found an ancient bone altar of Kikubaaqudgha.
  4138 | D:4      | Learned a level 4 spell: Iskenderun's Mystic Blast
  4292 | D:4      | Reached XP level 6. HP: 37/45 MP: 11/11
  4379 | D:4      | Found a shadowy altar of Dithmenos.
  4456 | D:4      | Found a blossoming altar of Fedhas.
  4755 | D:4      | Found a sand-covered staircase.
  4763 | Ossuary  | Entered an ossuary
  4804 | Ossuary  | Your scales start taking on a weird mottled colour.
  4804 | Ossuary  | Reached XP level 7. HP: 50/50 MP: 13/13
  5250 | Ossuary  | Learned a level 5 spell: Iskenderun's Battlesphere
  5343 | Ossuary  | Reached skill level 1 in Charms
  6123 | Ossuary  | Reached XP level 8. HP: 57/57 MP: 14/14
  6463 | D:4      | Reached skill level 5 in Charms
  6841 | D:5      | Entered Level 5 of the Dungeon
  7847 | D:6      | Reached skill level 1 in Fighting
  8070 | D:6      | Found a staircase to the Ecumenical Temple.
  8074 | Temple   | Entered the Ecumenical Temple
  8295 | Temple   | Became a worshipper of Vehumet
  8319 | D:6      | Found a blossoming altar of Fedhas.
  8378 | D:6      | Learned a level 3 spell: Regeneration
  8433 | D:6      | Reached XP level 9. HP: 55/71 MP: 9/15
  9058 | D:6      | Reached skill level 1 in Necromancy
  9969 | D:7      | Reached * piety under Vehumet
  9969 | D:7      | Offered knowledge of Freeze by Vehumet.
 10361 | D:7      | Reached skill level 5 in Spellcasting
 10847 | D:7      | Reached skill level 10 in Conjurations
 11309 | D:8      | Reached XP level 10. HP: 72/78 MP: 18/18
 11496 | D:8      | Offered knowledge of Throw Frost by Vehumet.
 11514 | D:8      | Reached ** piety under Vehumet
 12127 | D:9      | Noticed Erolcha
 12132 | D:9      | Killed Erolcha
 12445 | D:9      | Noticed Prince Ribbit
 12449 | D:9      | Killed Prince Ribbit
 12535 | D:9      | Noticed floppycuck's ghost (journeyman TrWz)
 12920 | D:9      | Killed floppycuck's ghost
 13221 | D:9      | Noticed Grum
 13798 | D:9      | Killed Grum
 13943 | D:9      | Reached skill level 5 in Fighting
 14043 | D:10     | Entered Level 10 of the Dungeon
 14221 | D:10     | Found Luicecoz's Food Boutique.
 14319 | D:10     | Offered knowledge of Throw Flame by Vehumet.
 14544 | D:10     | Killed an unseen horror
 14544 | D:10     | Reached XP level 11. HP: 12/89 MP: 6/19
 15706 | D:10     | Reached *** piety under Vehumet
 15868 | D:11     | Noticed zeroDi's ghost (journeyman VSAs)
 15870 | D:11     | Noticed a white ugly thing
 15899 | D:11     | Killed zeroDi's ghost
 15899 | D:11     | Reached skill level 5 in Dodging
 16139 | D:11     | Reached skill level 1 in Maces & Flails
 16316 | D:11     | Reached skill level 1 in Unarmed Combat
 16463 | D:11     | Offered knowledge of Sticky Flame by Vehumet.
 16476 | D:11     | Noticed Snorg
 16485 | D:11     | Killed Snorg
 16653 | D:11     | Noticed a hill giant
 16660 | D:11     | Killed a hill giant
 16691 | D:11     | Killed a white ugly thing
 16947 | D:11     | Learned a level 7 spell: Dragon Form
 16984 | D:11     | Reached **** piety under Vehumet
 17037 | D:11     | Found a staircase to the Lair.
 17043 | D:11     | Reached skill level 1 in Transmutations
 17095 | D:11     | Found Fin Ollo's General Store.
 17103 | D:11     | Got an ancient platinum ring
 17104 | D:11     | Found Rean's Armour Boutique.
 17106 | D:11     | Identified the ring "Gyma" {*Contam rF+ rC+ EV+1} (You found it on level 11 of the Dungeon)
 17115 | D:11     | Bought a +2 pair of gloves for 198 gold pieces
 17199 | D:11     | Found Sastrume's Antique Armour Shop.
 17216 | D:11     | Found Biufub's Magic Scroll Emporium.
 17225 | D:11     | Bought a scroll of identify for 24 gold pieces
 17232 | D:11     | Bought a potion of heal wounds for 65 gold pieces
 17521 | Lair:1   | Entered Level 1 of the Lair of Beasts
 17571 | Lair:1   | Reached skill level 5 in Unarmed Combat
 17587 | Lair:1   | Noticed a six-headed hydra
 17593 | Lair:1   | Killed a six-headed hydra
 17593 | Lair:1   | Reached skill level 2 in Transmutations
 17689 | Lair:1   | Reached XP level 12. HP: 81/100 MP: 20/22
 17877 | Lair:1   | Reached skill level 3 in Transmutations
 18033 | Lair:1   | Noticed Jovan's ghost (novice HEGl)
 18040 | Lair:1   | Killed Jovan's ghost
 18202 | Lair:1   | Reached skill level 4 in Transmutations
 18333 | Lair:1   | Offered knowledge of Ignite Poison by Vehumet.
 18455 | Lair:1   | Gained mutation: Your spells are a little harder to cast, but a little more powerful. [potion of beneficial mutation]
 18456 | Lair:1   | Gained mutation: Your tail ends in a poisonous barb. [potion of beneficial mutation]
 18971 | Lair:2   | Reached skill level 5 in Transmutations
 19054 | Lair:2   | Noticed flt's ghost (journeyman DrCj)
 19562 | Lair:2   | Noticed a four-headed hydra
 19567 | Lair:2   | Killed a four-headed hydra
 19656 | Lair:2   | Identified a scroll of acquirement
 20070 | Lair:3   | Reached skill level 6 in Transmutations
 20241 | Lair:3   | Found a staircase to the Shoals.
 20354 | Lair:3   | Reached ***** piety under Vehumet
 20354 | Lair:3   | Offered knowledge of Bolt of Cold by Vehumet.
 21006 | Lair:4   | Noticed Nessos
 21011 | Lair:4   | Killed Nessos
 21011 | Lair:4   | Reached skill level 7 in Transmutations
 21185 | Lair:4   | Noticed Nergalle
 21189 | Lair:4   | Killed Nergalle
 21320 | Lair:4   | Noticed Josephine
 21355 | Lair:4   | Killed Josephine
 21751 | Lair:4   | Found a staircase to the Snake Pit.
 21860 | Lair:4   | Reached XP level 13. HP: 105/105 MP: 23/23
 21905 | Lair:4   | Reached skill level 8 in Transmutations
 22200 | Lair:4   | Noticed Kiel97's ghost (journeyman TrMo)
 22213 | Lair:4   | Killed Kiel97's ghost
 22656 | Lair:5   | Reached skill level 10 in Unarmed Combat
 22754 | Lair:5   | Noticed lupus83's ghost (journeyman KoHu)
 23250 | Lair:2   | Lost mutation: Your spells are a little harder to cast, but a little more powerful. [potion of cure mutation]
 23250 | Lair:2   | Lost mutation: Your tail ends in a poisonous barb. [potion of cure mutation]
 23568 | D:12     | Found a staircase to the Orcish Mines.
 23581 | D:12     | Noticed Fannar
 23599 | D:12     | Killed Fannar
 23599 | D:12     | Reached skill level 9 in Transmutations
 24738 | D:13     | Reached skill level 10 in Transmutations
 25783 | D:13     | Reached skill level 11 in Transmutations
 26069 | D:13     | Found a burning altar of Makhleb.
 26804 | D:14     | Found Joylais's Armour Shoppe.
 26891 | D:14     | Reached skill level 12 in Transmutations
 28133 | D:14     | Reached XP level 14. HP: 87/113 MP: 19/24
 28250 | D:14     | Found a gate to the Vaults.
 28406 | D:14     | Noticed Roxanne
 28739 | D:14     | Noticed an entropy weaver
 28745 | D:14     | Killed an entropy weaver
 28745 | D:14     | Reached skill level 13 in Transmutations
 28974 | D:14     | Killed Roxanne
 29334 | D:15     | Entered Level 15 of the Dungeon
 29686 | D:15     | Offered knowledge of Airstrike by Vehumet.
 29930 | D:15     | Reached skill level 14 in Transmutations
 29979 | D:15     | Found a frozen archway.
 29980 | D:15     | Found a flickering gateway to a bazaar.
 29993 | Bazaar   | Entered a bazaar
 30142 | Bazaar   | Found Xifusas's Weapon Shoppe.
 30142 | Bazaar   | Found Detus's Magic Scroll Emporium.
 30163 | Bazaar   | Found Joxeo's Jewellery Shoppe.
 30178 | Bazaar   | Found Tuizaist's Antique Armour Shoppe.
 30241 | Bazaar   | Bought the ring of the Gastropod {Wiz Str+5 Dex-4} for 430 gold pieces
 30270 | Bazaar   | Bought a scroll of identify for 32 gold pieces
 30270 | Bazaar   | Bought a scroll of teleportation for 48 gold pieces
 30270 | Bazaar   | Bought a scroll of recharging for 152 gold pieces
 30270 | Bazaar   | Bought a scroll of teleportation for 48 gold pieces
 30270 | Bazaar   | Bought a scroll of teleportation for 48 gold pieces
 30354 | D:15     | Gained mutation: Scrolls take you a little longer to read. [a neqoxec]
 30360 | D:15     | Gained mutation: Your body sometimes deteriorates upon taking damage. [a neqoxec]
 30880 | D:15     | Noticed Louise
 30900 | D:15     | Killed Louise
 31383 | D:15     | Found a staircase to the Depths.
 32438 | Lair:5   | Reached skill level 15 in Transmutations
 32680 | Lair:5   | Killed lupus83's ghost
 32914 | Lair:5   | Reached XP level 15. HP: 121/121 MP: 25/25
 33037 | Lair:5   | Offered knowledge of Orb of Destruction by Vehumet.
 33310 | Lair:6   | Entered Level 6 of the Lair of Beasts
 33315 | Lair:6   | Found a staircase to the Slime Pits.
 34280 | Lair:6   | Offered knowledge of Poison Arrow by Vehumet.
 34297 | Lair:6   | Got a pair of jewelled gloves
 34694 | Lair:6   | Reached skill level 10 in Fighting
 35003 | Snake:1  | Entered Level 1 of the Snake Pit
 35299 | Snake:1  | You are sucked into a shaft!
 35542 | Snake:2  | Identified the +1 pair of gloves "Dediblets" {rN++ Stlth+} (You found it on level 6 of the Lair of Beasts)
 35564 | Snake:2  | Noticed a nagaraja
 35572 | Snake:2  | Killed a nagaraja
 36214 | Snake:1  | Noticed Aizul
 36236 | Snake:1  | Killed Aizul
 36715 | Snake:1  | Got a pair of translucent gloves
 37427 | Snake:2  | Noticed a nagaraja
 37444 | Snake:2  | Killed a nagaraja
 37447 | Snake:2  | Noticed a nagaraja
 37455 | Snake:2  | Offered knowledge of Bolt of Fire by Vehumet.
 38108 | Snake:2  | Reached XP level 16. HP: 134/134 MP: 24/28
 39318 | Snake:3  | HP: 8/201 [guardian serpent (10)]
 39318 | Snake:3  | Slain by a naga warrior

Skill      XL: |  1  2  3  4  5  6  7  8  9 10 11 12 13 14 15 16 |
---------------+-------------------------------------------------+-----
Conjurations   | 5 6 7 8 10 12 | 12.0
Spellcasting   | 3 4 5 6 8 9 |  9.8
Charms         | 4 6 8 |  8.0
Fighting       | 3 4 6 7 10 | 10.1
Necromancy     | 2 |  2.2
Dodging        | 4 5 |  5.7
Maces & Flails | 1 |  1.4
Unarmed Combat | 5 9 10 11 14 | 14.7
Transmutations | 2 7 12 15 | 15.1
Stealth        | 2 |  2.0

Action                   |  1- 3 |  4- 6 |  7- 9 | 10-12 | 13-15 | 16-18 || total
-------------------------+-------+-------+-------+-------+-------+-------++-------
Melee: Unarmed           |    14 |       |       |    12 |   690 |    92 ||   808
       Tailslap          |     9 |     7 |     4 |     8 |    82 |    12 ||   122
       Dagger            |    38 |    21 |    33 |    30 |       |       ||   122
       Falchion          |       |     4 |     2 |       |       |       ||     6
       Whip              |       |       |       |    11 |       |       ||    11
       Punch             |       |       |       |       |    27 |     4 ||    31
       Bite              |       |       |       |       |    51 |    10 ||    61
 Cast: Magic Dart        |    52 |    82 |   188 |   411 |   158 |       ||   891
       Searing Ray       |     1 |    10 |    62 |    42 |    60 |       ||   175
       Iskenderun's Batt |       |       |    11 |    78 |    68 |       ||   157
       Iskenderun's Myst |       |       |     6 |    67 |    72 |       ||   145
       Dragon Form       |       |       |       |       |    46 |     5 ||    51
       Regeneration      |       |       |       |       |    23 |       ||    23
  Use: Scroll            |       |     9 |    14 |    15 |    14 |     1 ||    53
       Potion            |       |       |     2 |    10 |     9 |     1 ||    22
 Stab: Sleeping          |     7 |     3 |       |       |     1 |     1 ||    12
       Distracted        |     1 |       |       |       |     1 |       ||     2
  Eat: Chunk             |     5 |     9 |    13 |    29 |    38 |       ||    94
       Meat ration       |       |       |     2 |     2 |     7 |     1 ||    12
       Beef jerky        |       |       |     1 |       |       |       ||     1
       Fruit             |       |       |     2 |    10 |     4 |       ||    16
       Bread ration      |       |       |       |     4 |     7 |       ||    11
       Pizza             |       |       |       |       |     2 |       ||     2
       Royal jelly       |       |       |       |       |     3 |       ||     3
Armor: Skin              |    21 |    29 |    69 |   120 |   529 |    49 ||   817
Dodge: Dodged            |    44 |    53 |    99 |   185 |   438 |    24 ||   843
Block: Buckler           |       |       |       |    11 |     7 |       ||    18
       Rpst.: Falchion   |       |     7 |     6 |       |       |       ||    13
